Map: Blackburn LE

Players

DisK

  • Race: Protoss Protoss

Namshar - Winner!

  • Race: Zerg Zerg

Event: DreamHack SC2 Masters 2021 Fall

VOD

Have the link to the VOD?

Description

Time

  • Played on: Aug. 5, 2021, 5:58 p.m.
  • Length: 27:22

All games in this series

Show
View Real Time Build Order
Export as new Build Order

DisK Protoss 

Build Orders: 1 Gate Expand, Oracle Opening 

Get SALT Encoding   

  12  0:00  Probe  
  13  0:12  Probe  
  14  0:22  Pylon  
  14  0:24  Probe  
  15  0:40  Gateway, Probe (Chrono Boost)  
  17  0:50  Assimilator, Probe (Chrono Boost)  
  17  0:55  Probe (Chrono Boost)  
  18  1:06  Probe  
  19  1:18  Probe  
  19  1:25  Nexus  
  20  1:34  Cybernetics Core  
  20  1:38  Probe  
  21  1:43  Assimilator  
  21  1:50  Probe  
  22  1:55  Pylon  
  22  2:02  Probe (Chrono Boost)  
  23  2:10  Adept (Chrono Boost)  
  23  2:15  Probe (Chrono Boost)  
  26  2:17  Stargate  
  26  2:20  Probe (Chrono Boost)  
  27  2:26  Warp Gate  
  27  2:32  Probe (Chrono Boost)  
  28  2:38  Adept  
  28  2:41  Probe (Chrono Boost)  
  31  2:49  Probe (Chrono Boost)  
  31  2:50  Probe (Chrono Boost)  
  32  2:56  Probe  
  33  3:01  Oracle (Chrono Boost)  
  33  3:03  Pylon  
  33  3:05  Probe  
  37  3:08  Probe  
  38  3:16  Gateway  
  38  3:20  Probe  
  38  3:21  Probe  
  40  3:33  Probe x2  
  42  3:34  Oracle (Chrono Boost)  
  45  3:45  Probe x2  
  47  3:52  Nexus  
  47  3:57  Pylon  
  47  4:05  Probe x2  
  49  4:12  Twilight Council  
  49  4:13  Assimilator  
  49  4:15  Stalker  
  51  4:17  Assimilator  
  51  4:19  Adept  
  51  4:23  Shield Battery  
  53  4:26  Probe (Chrono Boost)  
  53  4:27  Probe (Chrono Boost)  
  55  4:37  Probe (Chrono Boost)  
  56  4:39  Probe (Chrono Boost)  
  56  4:41  Sentry x2  
  56  4:44  Probe  
  62  4:46  Gateway  
  62  4:47  Gateway  
  62  5:01  Probe x2  
  62  5:05  Pylon  
  62  5:11  Dark Shrine  
  62  5:13  Robotics Facility  
  62  5:15  Stalker, Probe x2 (Chrono Boost)  
  62  5:19  Probe (Chrono Boost)  
  65  5:22  Stalker  
  69  5:30  Probe x2 (Chrono Boost)  
  69  5:31  Probe (Chrono Boost)  
  70  5:36  Probe (Chrono Boost)  
  70  5:39  Blink (Chrono Boost), Probe (Chrono Boost)  
  70  5:40  Probe (Chrono Boost)  
  70  5:42  Pylon  
  73  5:45  Forge  
  73  5:48  Probe (Chrono Boost)  
  75  5:55  Adept x2, Probe x2 (Chrono Boost)  
  75  5:56  Probe (Chrono Boost)  
  81  5:59  Warp Prism (Chrono Boost)  
  81  6:02  Probe x3  
  86  6:06  Assimilator  
  86  6:08  Assimilator  
  86  6:14  Pylon, Probe x2  
  86  6:15  Protoss Ground Weapons Level 1 (Chrono Boost)  
  86  6:17  Pylon  
  88  6:28  Probe  
  88  6:29  Probe  
  90  6:37  Stalker x4  
  90  6:39  Observer  
  99  6:45  Gateway  
  99  6:47  Gateway  
  99  6:50  Gateway x2  
  99  6:53  Pylon  
  99  6:54  Gateway  
  99  7:11  Stalker x4  
  99  7:12  Immortal  
  109  7:17  Robotics Bay  
  109  7:21  Robotics Facility  
  109  7:24  Charge  
  107  7:31  Pylon x2  
  107  7:36  Nexus  
  107  7:38  Pylon  
  107  7:47  Zealot x4  
  107  7:50  Dark Templar x3  
  107  7:51  Dark Templar  
  115  7:52  Probe x3  
  115  7:55  Photon Cannon  
  118  8:10  Stalker x3  
  118  8:11  Stalker  
  118  8:12  Stalker  
  128  8:24  Disruptor (Chrono Boost)  
  128  8:27  Stalker x4  
  139  8:41  Disruptor (Chrono Boost), Archon  
  139  8:45  Stalker  
  140  8:50  Pylon  
  140  8:51  Stalker x2  
  140  8:52  Nexus  
  140  8:53  Pylon  
  140  9:05  Stalker x4  
  140  9:08  Pylon  
  148  9:11  Shield Battery  
  148  9:18  Disruptor (Chrono Boost)  
  148  9:21  Disruptor (Chrono Boost)  
  148  9:28  Stalker x4  
  109  9:43  Stalker x5  
  82  10:09  Probe x3  
  85  10:19  Probe  
  85  10:21  Dark Templar, Probe x3  
  88  10:28  Shield Battery, Disruptor (Chrono Boost)  
  91  10:29  Disruptor (Chrono Boost)  
  91  10:30  Zealot x3  
  91  10:31  Probe  
  103  10:42  Stalker x3  
  105  10:43  Stalker  
  105  10:44  Pylon  
  109  10:56  Stalker  
  109  10:57  Stalker x3  
  115  10:58  Probe x2  
  115  11:00  Probe  
  118  11:14  Shield Battery  
  118  11:16  Shield Battery  
  118  11:17  Stalker x2  
  118  11:18  Stalker x2  
  126  11:24  Observer  
  124  11:31  Protoss Ground Weapons Level 2  
  124  11:41  Dark Templar x2, Zealot x2  
  131  11:53  Stalker x4  
  136  11:54  Probe x2  
  136  12:01  Disruptor x2 (Chrono Boost)  
  136  12:20  Zealot x4  
  136  12:22  Stalker x2  
  148  12:28  Disruptor (Chrono Boost)  
  148  12:29  Observer (Chrono Boost)  
  148  12:38  Stalker x2  
  145  12:58  Stalker  
  145  12:59  Stalker  
  145  13:00  Stalker x4  
  157  13:07  Observer (Chrono Boost)  
  157  13:15  Nexus  
  157  13:19  Colossus (Chrono Boost)  
  153  13:30  Pylon  
  152  13:38  Pylon  
  152  13:40  Shield Battery  
  152  13:47  Colossus (Chrono Boost)  
  158  14:00  Dark Templar  
  158  14:01  Templar Archives  
  160  14:04  Assimilator x2  
  162  14:27  Dark Templar x2  
  162  14:28  Colossus (Chrono Boost)  
  154  14:59  Protoss Ground Weapons Level 3  
  154  15:01  Oracle  
  154  15:03  Extended Thermal Lance (Chrono Boost)  
  157  15:07  Nexus  
  157  15:09  Pylon  
  157  15:11  Observer (Chrono Boost)  
  158  15:16  Probe x4  
  158  15:20  Psionic Storm  
  162  15:36  High Templar x4  
  162  15:39  Archon  
  166  15:44  Observer  
  166  15:47  Zealot x4  
  175  15:55  Nexus  
  165  16:21  Stalker x2  
  168  16:36  Zealot x6  
  162  17:00  Stalker x3  
  162  17:01  Stalker x5  
  137  17:23  Probe x3  
  137  17:24  Probe  
  141  17:36  Stalker x2, Zealot x2  
  141  17:37  Zealot  
  151  17:38  Stalker  
  151  17:39  Zealot x2  
  157  17:47  Probe x4  
  151  17:59  Probe x4  
  151  18:03  High Templar x7  
  169  18:33  Probe x2  
  170  18:49  High Templar x2  
  170  18:50  High Templar x2  
  178  18:56  Nexus  
  178  18:57  Archon x2  
  178  18:58  Pylon  
  171  19:19  Stalker  
  171  19:20  Stalker x3  
  171  19:22  Stalker x4  
  176  19:46  Zealot x5  
  176  19:47  Zealot x3  
  158  20:28  Stalker  
  158  20:29  Stalker x6  
  158  20:30  Probe x4  
  158  20:31  Probe  
  173  20:42  Probe x3  
  176  20:47  Probe x2  
  176  20:49  Shield Battery  
  178  20:54  Probe x3  
  179  21:04  Pylon  
  179  21:06  Assimilator  
  179  21:10  Assimilator  
  179  21:12  Pylon  
  179  21:15  Archon  
  114  21:42  Zealot x6  
  114  21:43  Colossus x2, Zealot  
  130  22:16  Gateway, Stalker x6  
  130  22:18  Gateway x2  
  127  22:39  Oracle  
  127  22:43  Gateway  
  130  22:45  Gateway, High Templar x2, Immortal  
  130  22:46  High Templar x2  
  130  22:48  Zealot  
  130  22:49  Zealot x2  
  130  22:50  Archon x2  
  143  22:53  Probe x3  
  143  22:54  Probe x2  
  144  23:00  Zealot  
  143  23:05  Probe x3  
  145  23:15  Zealot x3  
  145  23:19  Dark Templar x3  
  133  23:32  Probe x5  
  134  23:39  Observer  
  135  23:44  Probe x3  
  138  23:52  Zealot x2  
  137  24:06  Zealot x3  
  140  24:29  Stalker x3  
  139  24:38  High Templar x2  
  133  24:39  Stalker  
  133  24:42  Archon  
  133  24:44  Stalker  
  139  24:53  Oracle (Chrono Boost)  
  142  25:03  Observer  
  143  25:12  Zealot x3  
  137  25:46  Stalker  
  137  25:47  Stalker x2  
  137  25:49  Zealot  
  108  26:19  Void Ray (Chrono Boost)  
Show
View Real Time Build Order
Export as new Build Order

Namshar Zerg - Winner!

Build Orders: Hatch First 

Get SALT Encoding   

  12  0:00  Drone  
  13  0:12  Overlord  
  13  0:17  Drone  
  14  0:30  Drone x2  
  16  0:49  Hatchery  
  15  0:51  Drone  
  15  0:55  Drone  
  17  0:58  Drone  
  18  1:08  Extractor  
  17  1:14  Spawning Pool  
  16  1:18  Drone  
  16  1:20  Drone  
  18  1:28  Drone  
  20  1:40  Drone  
  20  1:49  Overlord  
  20  2:00  Queen  
  20  2:01  Queen  
  22  2:02  Zergling x4  
  26  2:11  Drone  
  26  2:12  Metabolic Boost, Drone  
  28  2:21  Drone  
  29  2:23  Drone  
  30  2:37  Hatchery  
  29  2:41  Drone  
  30  2:44  Overlord  
  30  2:48  Drone x2  
  32  2:54  Drone  
  32  2:55  Drone  
  33  3:02  Queen  
  33  3:05  Drone  
  36  3:09  Drone x3  
  39  3:14  Drone  
  39  3:15  Overlord  
  40  3:21  Spore Crawler, Drone  
  40  3:23  Spore Crawler  
  40  3:25  Drone  
  40  3:31  Drone, Overlord  
  41  3:38  Queen  
  43  3:43  Drone  
  43  3:46  Drone, Overlord  
  43  3:47  Drone x2  
  47  3:51  Drone  
  47  3:52  Drone  
  47  3:55  Drone x2  
  51  4:05  Drone x3  
  51  4:08  Spore Crawler  
  52  4:11  Drone x5  
  57  4:18  Drone x3, Overlord  
  57  4:24  Roach Warren  
  59  4:25  Queen  
  59  4:31  Spore Crawler x2  
  58  4:33  Spore Crawler  
  58  4:35  Drone  
  58  4:36  Spore Crawler  
  58  4:37  Drone x2  
  58  4:40  Extractor  
  58  4:42  Extractor  
  58  4:45  Drone x4  
  63  4:47  Zergling x10  
  66  5:01  Drone x3  
  68  5:08  Drone x5  
  68  5:13  Drone x2  
  73  5:15  Lair  
  73  5:21  Drone x3, Evolution Chamber  
  76  5:22  Drone x4  
  76  5:25  Overlord  
  76  5:26  Overlord  
  79  5:29  Drone x3  
  79  5:33  Extractor  
  79  5:34  Extractor  
  79  5:38  Drone x2  
  79  5:42  Extractor  
  77  5:43  Queen  
  77  5:46  Hatchery  
  77  5:47  Drone  
  77  5:48  Drone, Overlord  
  80  5:50  Zerg Missile Weapons Level 1  
  80  5:54  Overlord  
  80  6:02  Roach x6  
  80  6:03  Roach  
  94  6:07  Overlord x2  
  94  6:09  Roach  
  96  6:12  Glial Reconstitution  
  96  6:13  Overseer  
  96  6:19  Roach x4  
  96  6:21  Overlord  
  103  6:35  Roach x7  
  103  6:36  Roach x2  
  103  6:38  Ravager  
  122  6:45  Ravager x2  
  122  6:46  Ravager x3  
  127  6:48  Overlord x3  
  127  6:54  Baneling Nest, Roach x3  
  127  6:55  Roach  
  134  7:01  Roach  
  134  7:02  Roach x3  
  141  7:16  Drone x4  
  141  7:18  Drone x5  
  141  7:19  Extractor x2  
  147  7:32  Queen  
  149  7:38  Centrifical Hooks  
  149  7:40  Roach x4  
  157  7:48  Overlord x4  
  157  7:49  Overlord x3  
  157  7:50  Zerg Missile Weapons Level 2  
  157  7:53  Zergling x14  
  157  7:55  Ravager x3  
  167  8:01  Overlord x2  
  167  8:11  Queen  
  169  8:14  Zergling x24  
  169  8:19  Baneling x10  
  181  8:20  Baneling  
  181  8:24  Overseer  
  181  8:27  Zergling x12  
  181  8:32  Ravager x4  
  191  8:35  Overseer  
  191  8:38  Drone x2  
  187  8:49  Overseer  
  187  8:55  Baneling  
  187  8:56  Ravager x3, Baneling x18  
  187  8:57  Ravager  
  191  9:05  Zergling x28  
  188  9:10  Zergling x6, Evolution Chamber, Infestation Pit  
  189  9:17  Zergling x8  
  182  9:24  Zergling x8  
  182  9:29  Zergling x2, Roach  
  154  9:35  Roach  
  154  9:37  Roach  
  146  9:40  Roach x4  
  146  9:44  Roach x2  
  145  9:50  Roach x5  
  124  10:02  Roach x5  
  124  10:03  Hatchery  
  125  10:12  Baneling x5  
  125  10:16  Ravager x10  
  125  10:19  Zerg Melee Weapons Level 1  
  135  10:22  Drone x5  
  135  10:24  Roach x4  
  135  10:25  Zergling x14, Roach  
  157  10:38  Baneling x7  
  157  10:39  Baneling x2  
  157  10:41  Roach  
  157  10:42  Roach x4  
  164  10:51  Overseer, Pneumatized Carapace  
  164  10:53  Drone  
  164  10:54  Spine Crawler  
  164  10:58  Drone x2  
  164  11:00  Overseer  
  164  11:01  Spine Crawler  
  164  11:03  Spore Crawler  
  166  11:04  Ravager x2  
  166  11:05  Spine Crawler  
  166  11:06  Ravager  
  164  11:17  Zerg Ground Armor Level 1  
  164  11:23  Roach  
  164  11:24  Zergling x26, Roach x2  
  183  11:30  Baneling x7  
  183  11:38  Zergling x2  
  183  11:39  Zergling x14  
  191  11:53  Drone x2  
  194  11:54  Zergling x14  
  194  11:57  Overseer  
  196  12:07  Spine Crawler  
  193  12:10  Spine Crawler  
  193  12:11  Hive  
  193  12:12  Spire  
  193  12:13  Drone x6  
  193  12:14  Drone x2  
  193  12:15  Drone  
  197  12:23  Baneling x10  
  197  12:31  Overseer  
  197  12:36  Baneling  
  197  12:37  Baneling x6  
  181  12:55  Zergling x28, Roach  
  155  13:01  Zergling x2, Roach x2  
  144  13:10  Roach x6  
  144  13:11  Roach  
  154  13:17  Roach x3  
  156  13:23  Zerg Melee Weapons Level 2, Zerg Ground Armor Level 2  
  156  13:24  Adrenal Glands  
  155  13:28  Drone x7  
  163  13:34  Ravager x7  
  163  13:36  Greater Spire  
  163  13:37  Overseer  
  169  13:48  Zergling x20  
  179  14:05  Zergling x18  
  188  14:18  Corruptor  
  188  14:19  Corruptor x4  
  198  14:26  Baneling x7  
  195  14:41  Drone x7  
  197  14:48  Overseer  
  194  14:57  Spore Crawler  
  193  15:00  Brood Lord x4  
  193  15:03  Spine Crawler  
  193  15:04  Spine Crawler  
  193  15:05  Spine Crawler  
  196  15:11  Viper x3  
  196  15:12  Viper  
  198  15:21  Brood Lord  
  191  15:28  Drone x2  
  191  15:29  Drone x7  
  200  15:43  Zerg Ground Armor Level 3  
  200  15:44  Zerg Flyer Weapons Level 1  
  200  15:47  Baneling x7  
  196  16:01  Zerg Melee Weapons Level 3  
  196  16:06  Extractor x2  
  186  16:20  Corruptor x2  
  186  16:21  Corruptor  
  186  16:24  Baneling x13  
  186  16:25  Hatchery  
  168  16:55  Zergling x42  
  168  16:56  Zergling x8  
  190  17:13  Roach  
  190  17:14  Zergling x14, Roach x4  
  193  17:17  Baneling x5  
  193  17:18  Baneling  
  193  17:19  Baneling  
  193  17:20  Baneling x2  
  191  17:25  Baneling  
  191  17:26  Baneling x11  
  187  17:32  Brood Lord x2  
  187  17:34  Brood Lord  
  191  17:49  Zerg Flyer Weapons Level 2  
  183  17:56  Overseer  
  176  17:59  Corruptor x2  
  176  18:01  Hatchery  
  176  18:26  Drone, Ultralisk Cavern  
  176  18:27  Pathogen Glands  
  176  18:28  Burrow  
  176  18:33  Ravager x2  
  178  18:36  Drone x2  
  178  18:38  Brood Lord  
  178  18:39  Brood Lord  
  184  18:43  Corruptor  
  184  18:44  Corruptor x3  
  192  18:50  Zergling x10  
  192  18:52  Corruptor  
  177  19:11  Corruptor x2  
  177  19:16  Baneling x13  
  179  19:22  Brood Lord  
  179  19:24  Brood Lord  
  175  19:32  Brood Lord  
  175  19:33  Brood Lord  
  179  19:41  Baneling x2  
  179  19:42  Baneling x2  
  179  19:43  Brood Lord x2  
  183  20:02  Extractor  
  183  20:03  Queen  
  183  20:06  Zergling x2  
  192  20:07  Zergling x18  
  190  20:17  Corruptor x2  
  192  20:25  Zergling x2  
  192  20:26  Zergling x18  
  192  20:28  Corruptor x2  
  191  20:36  Baneling  
  191  20:37  Baneling x11  
  191  20:41  Corruptor x2  
  195  20:45  Zerg Flyer Weapons Level 3, Chitinous Plating  
  177  21:28  Zergling x2  
  177  21:29  Zergling x42  
  163  21:33  Zergling x8, Roach, Ultralisk  
  162  21:42  Zergling x8, Roach  
  155  21:54  Brood Lord x3  
  155  21:55  Brood Lord  
  166  22:08  Zergling x6, Ultralisk  
  163  22:38  Brood Lord  
  163  22:39  Brood Lord  
  167  22:44  Hatchery  
  167  22:49  Zergling x2  
  167  22:50  Zergling x10  
  163  23:10  Zergling x14  
  150  23:30  Ultralisk  
  152  24:02  Zergling x2  
  152  24:03  Zergling x4, Ultralisk  
  152  24:19  Zergling x2, Ultralisk  
  152  24:20  Zergling x4  
  151  24:40  Infestor  
  151  24:42  Zergling x14  
  160  24:52  Zergling x16  
  168  25:00  Extractor  
  168  25:05  Infestor  
  167  25:26  Hatchery  
  167  25:28  Infestor  
  168  25:33  Zergling x18  
  177  25:50  Spore Crawler  
  177  25:55  Infestor  
  177  25:56  Infestor  
  174  26:02  Zergling x24  
  172  26:18  Baneling x7  
  172  26:21  Zergling x10  
  177  26:39  Baneling x3  
  170  26:40  Baneling x3  
  152  27:01  Zergling x2  
  152  27:02  Zergling x22  

Tags
 
Add a new tag
Caveats
  • Supply blocks, unpowered buildings, or Contaminate may cause inaccurate times.
  • Supply counts are checked every 10 seconds.